 Dungeon Crawl Stone Soup version 0.28-a0-704-g4d584c6bc1 (webtiles) character file.

Game seed: 14490063677600795816

2445 Conn the Arsonist (level 9, -3/54 HPs)
             Began as an Octopode Fire Elementalist on Oct 24, 2021.
             Was an Initiate of Sif Muna.
             Slain by Joseph (12 damage)
             ... on level 8 of the Dungeon.
             The game lasted 00:18:40 (8481 turns).

Conn the Arsonist (Octopode Fire Elementalist)      Turns: 8481, Time: 00:18:41

Health: -3/54      AC:  2    Str: 15    XL:     9   Next: 49%
Magic:  7/16       EV: 14    Int: 20    God:    Sif Muna [......]
Gold:   312        SH:  0    Dex: 13    Spells: 7/18 levels left

rFire   . . .      SeeInvis .   B - +9 great mace of Certain Death {vamp, rCorr Str+2}
rCold   . . .      Faith    .   (shield currently unavailable)
rNeg    . . .      Spirit   .   v - +1 hat
rPois   +          Reflect  .   j - amulet of regeneration
rElec   .          Harm     .   g - ring of poison resistance
rCorr   +          Rampage  .   p - +6 ring of strength
Will    .....                   r - ring of flight
Stlth   ++++......              (no ring)
HPRegen 1.18/turn               (no ring)
MPRegen 0.15/turn               (no ring)
                                (no ring)
                                (no ring)

@: flying
A: almost no armour, amphibious, 8 rings, camouflage 1, gelatinous body 1,
(nimble swimmer 1), tentacles
a: Renounce Religion


You were on level 8 of the Dungeon.
You worshipped Sif Muna.
Sif Muna was noncommittal.
You visited 2 branches of the dungeon, and saw 9 of its levels.
You also visited: Sewer.

You collected 422 gold pieces.
You spent 110 gold pieces at shops.

Inventory:

Hand Weapons
 k - a +0 dagger of holy wrath
 y - a +2 flail of protection
 B - the +9 great mace of Certain Death (weapon) {vamp, rCorr Str+2}
   (You found it on level 7 of the Dungeon)

   It occasionally heals its wielder for a portion of the damage dealt when it
   wounds a living foe.
   Str:       It affects your strength (+2).
   rCorr:     It protects you from acid and corrosion.
Missiles
 b - 23 poisoned darts (quivered)
 z - 2 throwing nets
Armour
 n - a +0 buckler
 v - a +1 hat (worn)
Jewellery
 c - an amulet of the acrobat
 g - a ring of poison resistance (left tentacle)
 j - an amulet of regeneration (around mantle)
 p - a +6 ring of strength (right tentacle)
 r - a ring of flight (on tentacle)
Scrolls
 a - 3 scrolls of teleportation
 d - 3 scrolls of amnesia {unknown}
 e - a scroll of brand weapon {unknown}
 h - a scroll of torment {unknown}
 l - a scroll of enchant armour {unknown}
 m - 2 scrolls of acquirement {unknown}
 o - a scroll of noise {unknown}
 q - 3 scrolls of enchant weapon {unknown}
 s - a scroll of holy word {unknown}
 x - 4 scrolls of fear {unknown}
 C - a scroll of vulnerability {unknown}
Potions
 f - 2 potions of heal wounds
 i - a potion of might {unknown}
 t - a potion of resistance {unknown}
 u - 2 potions of curing {unknown}
 w - a potion of mutation {unknown}
 A - a potion of brilliance


   Skills:
 + Level 1.7 Fighting
 + Level 1.5 Short Blades
 + Level 1.0 Maces & Flails
 + Level 0.1 Throwing
 + Level 3.1 Dodging
 + Level 5.3 Stealth
 - Level 0.4 Unarmed Combat
 + Level 5.1 Spellcasting
 * Level 6.5 Conjurations
 + Level 1.0 Hexes
 * Level 8.1 Fire Magic


You had 7 spell levels left.
You knew the following spells:

 Your Spells              Type           Power      Damage    Failure   Level
a - Foxfire               Conj/Fire      100%       2x1d9     1%          1
b - Conjure Flame         Conj/Fire      34%        6-21      1%          3
c - Inner Flame           Hex/Fire       23%        N/A       5%          3
d - Flame Wave            Conj/Fire      34%        3d7       5%          4

Your spell library contained the following spells:

 Spells                   Type           Power      Damage    Failure   Level
 Magic Dart               Conj           100%       1d8       1%          1
 Scorch                   Fire           74%        2d8       1%          2
 Dazzling Flash           Conj/Hex       40%        N/A       7%          3
 Animate Skeleton         Necr           10%        N/A       12%         1
 Sting                    Tmut/Pois      20%        1d4       12%         1
 Ignite Poison            Fire/Tmut/Pois 15%        N/A       12%         3
 Ensorcelled Hibernation  Hex/Ice        14%        N/A       14%         2
 Mephitic Cloud           Conj/Pois/Air  13%        N/A       14%         3
 Call Imp                 Summ           5%         N/A       17%         2
 Tukima's Dance           Hex            9%         N/A       22%         3
 Portal Projectile        Hex/Tloc       14%        N/A       28%         3
 Iskenderun's Mystic Bla  Conj/Tloc      18%        2d6       30%         4
 Call Canine Familiar     Summ           5%         N/A       34%         3
 Starburst                Conj/Fire      17%        6d6       65%         6
 Leda's Liquefaction      Hex/Erth       3%         N/A       67%         4
 Freezing Cloud           Conj/Ice/Air   6%         6-21      78%         5


Dungeon Overview and Level Annotations

Branches:
Dungeon (8/15)             Temple (1/1) D:7           Sewer (visited)
   Lair: D:8-11

Altars:
Ashenzari
Dithmenos
Elyvilon
Fedhas
Gozag
Hepliaklqana
Kikubaaqudgha
Makhleb
Nemelex Xobeh
Ru
Sif Muna
Trog
Uskayaw
Wu Jian
Yredelemnul
Zin

Shops:
D:6 [   D:7 *

Annotations:
D:8 Joseph


Innate Abilities, Weirdness & Mutations

You cannot wear most types of armour.
You are amphibious.
You can wear up to eight rings at the same time.
Your skin changes colour to match your surroundings (Stealth+).
Your rubbery body absorbs attacks. (AC +1, EV +1)
((You are camouflaged near water. (Stealth+)))
You have tentacles for arms and can constrict up to eight enemies at once.


Message History

Joseph shouts!
The foxfire hits Joseph.
Joseph is lightly wounded.
Joseph unwields a +2 quarterstaff of speed.
Joseph wields a +0 hunting sling.
Joseph shoots a sling bullet.
The sling bullet hits you!
Your foxfire dissipates!
You hear a shout!
Unknown command.
Casting: Foxfire (safe; 1% risk of failure)
Confirm with . or Enter, or press ? or * to list all spells.
You conjure some foxfire!
Your foxfire dissipates!
The foxfire hits Joseph.
Joseph is lightly wounded.
Unknown command.
You bludgeon Joseph!! You grab Joseph. You squeeze Joseph, but do no damage.
Joseph is heavily wounded.
You constrict Joseph.
The foxfire hits Joseph.
Joseph is heavily wounded.
Unknown command.
You barely miss Joseph.
Joseph is heavily wounded.
You constrict Joseph!
Joseph unwields a +0 hunting sling.
Joseph wields a +2 quarterstaff of speed.
Joseph hits you with a +2 quarterstaff of speed! x2
Unknown command.
Casting: Foxfire (safe; 1% risk of failure)
Confirm with . or Enter, or press ? or * to list all spells.
Casting: Flame Wave (dangerous; 5% risk of failure)
Press: ? - help, Dir - look around, f - activate A wave of flame ripples out!
The flame wave engulfs Joseph.
Joseph is severely wounded. (Press . to intensify the flame waves.)
You constrict Joseph.
You hear a shout!
Joseph hits you with a +2 quarterstaff of speed!
* * * LOW HITPOINT WARNING * * *
Joseph hits you with a +2 quarterstaff of speed!
You die...

... #. ....?.
###.# #.....
......##.....
............
.o.........
o.....o..@##
.......o..@#
...........#
...........#
#...#.....##
### ##.....#
###.....
##....#
#........
#....##
.........
##....#
..........
##...##
#..........


You could see Joseph, an orc warrior and an orc.

Vanquished Creatures
  Sigmund (D:2)
  2 orc warriors
  2 necrophages (D:5)
  2 black bears
  An ogre (D:6)
  2 centaurs
  A phantom (D:5)
  A bullfrog (D:8)
  3 scorpions
  A water moccasin zombie (D:6)
  2 centaur zombies
  2 bullfrog zombies (D:5)
  6 hounds
  5 jellies
  A centaur skeleton (D:7)
  2 gnoll shamans
  2 orc priests (D:6)
  A bullfrog skeleton (D:7)
  An iguana (D:7)
  A scorpion zombie (D:5)
  4 orc wizards
  A hound skeleton (D:4)
  7 adders
  9 gnolls
  6 river rats (Sewer)
  An ufetubus (D:5)
  2 worms (D:3)
  2 dart slugs
  13 orcs
  9 ball pythons
  7 endoplasms
  4 giant cockroaches
  9 goblins
  6 hobgoblins
  3 jackals (D:3)
  8 quokkas
  4 bats
  16 frilled lizards
  3 kobolds
  15 rats
168 creatures vanquished.

Vanquished Creatures (collateral kills)
  2 foxfires (D:1)
2 creatures vanquished.

Vanquished Creatures (others)
  578 foxfires
  11 plants (D:1)
589 creatures vanquished.

Grand Total: 759 creatures vanquished

Notes
Turn   | Place    | Note
-------+----------+-------------------------------------------
     0 | D:1      | Conn the Octopode Fire Elementalist began the quest for the
                  | Orb.
     0 | D:1      | Reached XP level 1. HP: 11/11 MP: 3/3
   116 | D:1      | Found a faded altar of an unknown god.
   131 | D:1      | Reached XP level 2. HP: 13/17 MP: 1/5
   373 | D:1      | Got Plato's Tome of Poisoning and Transformation
   888 | D:1      | Reached XP level 3. HP: 17/22 MP: 0/6
  1506 | D:2      | Noticed Sigmund
  1524 | D:2      | Killed Sigmund
  1525 | D:2      | Reached skill level 4 in Fire Magic
  1525 | D:2      | Reached XP level 4. HP: 7/27 MP: 1/7
  1525 | D:2      | Reached XP level 5. HP: 8/32 MP: 1/8
  1942 | D:2      | Reached XP level 6. HP: 36/37 MP: 5/10
  3359 | D:3      | Found a hide-covered altar of Uskayaw.
  3423 | D:4      | Learned a level 3 spell: Conjure Flame
  3427 | D:4      | Learned a level 3 spell: Inner Flame
  3900 | D:4      | Reached skill level 5 in Fire Magic
  4199 | D:4      | Reached XP level 7. HP: 36/42 MP: 9/12
  4289 | D:4      | Learned a level 4 spell: Flame Wave
  4318 | D:5      | Entered Level 5 of the Dungeon
  4920 | D:5      | Reached XP level 8. HP: 47/47 MP: 4/13
  5073 | D:5      | Reached skill level 1 in Fighting
  5073 | D:5      | Reached skill level 5 in Conjurations
  5073 | D:5      | Reached skill level 6 in Fire Magic
  5640 | D:6      | Reached skill level 1 in Short Blades
  5898 | D:6      | Found Umme's Armour Shoppe.
  5906 | D:6      | Bought a +1 hat for 110 gold pieces
  6011 | D:6      | Found a glowing drain.
  6027 | Sewer    | Entered a sewer
  6691 | D:6      | Reached skill level 7 in Fire Magic
  6745 | D:6      | Reached skill level 5 in Stealth
  6747 | D:6      | Reached XP level 9. HP: 38/53 MP: 4/16
  7511 | D:7      | Reached skill level 5 in Spellcasting
  7659 | D:7      | Found an opulent altar of Gozag.
  7661 | D:7      | Found Gozag's Platinum Reserve.
  7735 | D:7      | Identified the +9 great mace of Certain Death {vamp, rCorr
                  | Str+2}
  7910 | D:7      | Reached skill level 8 in Fire Magic
  7910 | D:7      | Found a staircase to the Ecumenical Temple.
  7917 | Temple   | Entered the Ecumenical Temple
  8177 | D:7      | Found a shimmering blue altar of Sif Muna.
  8182 | D:7      | Became a worshipper of Sif Muna the Loreminder
  8192 | D:7      | Reached skill level 1 in Hexes
  8196 | D:7      | Got Sif Muna's Almanac of Stolen Souls
  8209 | D:7      | Reached skill level 1 in Maces & Flails
  8465 | D:8      | Noticed Joseph
  8481 | D:8      | Slain by Joseph

Illustrated notes

Levels and vault maps discovered:
D:1:      psy_arrival_fountain, layout_basic,
          shapermc_ecumenical_altar_rom_forum, serial_forest,
          infiniplex_forest_zigzag_2, infiniplex_forest_clump_cross,
          infiniplex_forest_clump_double, infiniplex_forest_straight_4,
          infiniplex_forest_lined_room_2, infiniplex_forest_zigzag_1,
          infiniplex_forest_straight_4, infiniplex_forest_end_1,
          kennysheep_doodads, hangedman_decor_peaks_small
D:2:      layout_loops_ring, uniq_sigmund
D:3:      layout_loops_ring, mainiacjoe_overflow_alcove_2
D:4:      layout_cave_pools
D:5:      layout_loops_cross, minmay_misc_feat_plants
D:6:      black_bear_nest_2, layout_loops_ring, gup_sewer_entry_pipe,
          serial_shops, nicolae_shop_waterfront
D:7:      layout_cave_pools, led_sif_book, nicolae_gozag_zags_fifth_avenue,
          minmay_temple_entry_overgrown
D:8:      layout_cave_pods, chequers_temple_overflow_minitemple,
          dk_noncrumbling_2, feat_on_display, uniq_joseph
Temple:   oiseaux_autumnal_temple

Skill      XL: |  1  2  3  4  5  6  7  8  9 |
---------------+----------------------------+-----
Stealth        | 3 4 5 |  5.3
Conjurations   | 2 3 4 6 |  6.5
Fire Magic     | 4 5 7 8 |  8.1
Spellcasting   | 3 4 5 |  5.1
Fighting       | 1 |  1.7
Short Blades   | 1 |  1.5
Dodging        | 3 |  3.1
Hexes          | 1 |  1.0
Maces & Flails | 1 |  1.0
Throwing       | |  0.1
Unarmed Combat | |  0.4

Action                   |  1- 3 |  4- 6 |  7- 9 || total
-------------------------+-------+-------+-------++-------
Melee: Unarmed           |    25 |    20 |       ||    45
       Constrict         |     8 |     8 |    12 ||    28
       Tentacles         |     3 |     6 |    11 ||    20
       Dagger            |       |     4 |    86 ||    90
       Flail             |       |       |     6 ||     6
       Great mace        |       |       |     5 ||     5
Throw: Dart              |     2 |     3 |       ||     5
 Cast: Foxfire           |    46 |   123 |   173 ||   342
       Conjure Flame     |       |     2 |     2 ||     4
       Inner Flame       |       |     1 |     6 ||     7
       Flame Wave        |       |       |     8 ||     8
  Use: Scroll            |       |     1 |     2 ||     3
 Stab: Sleeping          |     1 |       |     8 ||     9
Armor: Skin              |     5 |     2 |    17 ||    24
Dodge: Dodged            |    35 |    28 |    92 ||   155

Table legend: (Time is in decaauts)
 A = Elapsed time spent in this place.
 B = Non-inter-level travel time spent in this place.
 C = Inter-level travel time spent in this place.
 D = Time resting spent in this place.
 E = Time spent auto-exploring this place.
 F = Levels seen in this place.
 G = Mean time per level.
                   A        B        C        D        E       F      G
               +--------+--------+--------+--------+--------+-----+--------+
         Total |   8478 |   8321 |    157 |     99 |   6302 |  10 |  847.8 |
       Dungeon |   7705 |   7574 |    131 |     99 |   5778 |   8 |  963.1 |
        Temple |    240 |    214 |     26 |      0 |    174 |   1 |  240.0 |
         Sewer |    532 |    532 |      0 |      0 |    350 |   1 |  532.0 |
               +--------+--------+--------+--------+--------+-----+--------+

Top non-repeatable levels by time:
     D:6: 1395 daAuts
     D:1: 1341 daAuts
     D:5: 1207 daAuts
     D:2: 1053 daAuts
     D:3: 995 daAuts
     D:4: 925 daAuts
     D:7: 719 daAuts
   Sewer: 532 daAuts
  Temple: 240 daAuts
     D:8: 67 daAuts
